 Dungeon Crawl Stone Soup version 0.27.0-1-g7a089689b8 (webtiles) character file.

Game seed: 1433292175485112394

135 EnegeticOcto the Shield-Bearer (level 4, -3/41 HPs)
             Began as a Minotaur Fighter on Aug 8, 2021.
             Killed by nerve-wracking pain
             ... invoked by Jessica
              (11 damage)
             ... on level 2 of the Dungeon.
             The game lasted 00:00:38 (2143 turns).

EnegeticOcto the Shield-Bearer (Minotaur Fighter)   Turns: 2143, Time: 00:00:38

Health: -3/41      AC:  7    Str: 21    XL:     4   Next: 96%
Magic:  3/3        EV:  7    Int:  5    God:
Gold:   46         SH:  9    Dex: 10    Spells: 3/3 levels left

rFire    . . .     SeeInvis .   a - +0 war axe
rCold    . . .     Faith    .   c - +0 kite shield
rNeg     . . .     Spirit   .   b - +0 scale mail
rPois    .         Reflect  .   (helmet restricted)
rElec    .         Harm     .   (no cloak)
rCorr    .         Rampage  .   (no gloves)
Will     .....                  (no boots)
Stlth    ..........             (no amulet)
HPRegen  0.13/turn              (no ring)
MPRegen  0.08/turn              (no ring)

@: no status effects
A: horns 2, retaliatory headbutt
a: no special abilities


You were on level 2 of the Dungeon.
You visited 1 branch of the dungeon, and saw 2 of its levels.

You collected 46 gold pieces.

Inventory:

Hand Weapons
 a - a +0 war axe (weapon)
Armour
 b - a +0 scale mail (worn)
 c - a +0 kite shield (worn)
Jewellery
 g - a ring of flight
Scrolls
 f - a scroll of teleportation {unknown}
Potions
 d - 2 potions of might {@q3}
 e - 3 potions of curing {unknown}
 h - a potion of flight {unknown}


   Skills:
 + Level 4.4 Fighting
 * Level 4.3 Axes
 + Level 4.4 Armour
 + Level 4.5 Shields


You had 3 spell levels left.
You didn't know any spells.
Your spell library was empty.

Dungeon Overview and Level Annotations

Branches:
Dungeon (2/15)

Altars:

Shops:
D:1 (

Annotations:
D:2 Jessica


Innate Abilities, Weirdness & Mutations

You have a pair of horns on your head.
You reflexively headbutt those who attack you in melee.


Message History

The gnoll barely misses you. You furiously retaliate!
You headbutt the gnoll!
Things that are here:
a +0 whip; a +0 ring mail; a gnoll corpse You barely miss the gnoll.
The gnoll is almost dead.
The gnoll hits you but does no damage.
You slash the gnoll!
You kill the gnoll!
You see here a +0 halberd.
A gnoll comes into view. It is wielding a +0 flail.
A gnoll is nearby!
A gnoll is nearby!
A gnoll is nearby!
You see here a +0 halberd.
Things that are here:
a +0 whip; a +0 ring mail; a gnoll corpse A gnoll is nearby!
A gnoll is nearby!
A gnoll is nearby!
Things that are here:
a +0 whip; a +0 ring mail; a gnoll corpse You hit the gnoll.
The gnoll is lightly wounded.
The gnoll hits you with a +0 flail.
* * * LOW HITPOINT WARNING * * *
You hit the gnoll. You headbutt the gnoll.
The gnoll is almost dead.
The gnoll hits you with a +0 flail.
* * * LOW HITPOINT WARNING * * *
The gnoll hits you with a +0 flail!
* * * LOW HITPOINT WARNING * * *
You barely miss the gnoll.
The gnoll is almost dead.
You block the gnoll's attack.
You barely miss the gnoll.
You headbutt the gnoll, but do no damage.
The gnoll is almost dead.
The gnoll hits you with a +0 flail.
* * * LOW HITPOINT WARNING * * *
You block the gnoll's attack.
You hit the gnoll.
You kill the gnoll!
Things that are here:
a +0 flail; a +0 halberd You now have 46 gold pieces (gained 7).
Jessica the Apprentice Sorceress comes into view.
She is wielding a +0 dagger.
Jessica shouts!
Jessica mumbles some strange words.
Jessica blinks!
Jessica moves out of view.
Jessica is nearby!
Jessica is nearby!
Jessica is nearby!
Jessica is nearby!
Jessica is nearby!
Jessica is nearby!
Jessica is nearby!
Jessica is nearby!
Jessica looks very angry.
Jessica casts a spell.
Jessica seems to speed up.
Jessica mumbles some strange words.
Jessica blinks!
Jessica gestures wildly.
Jessica hits you with a +0 dagger.
You barely miss Jessica. Jessica hits you with a +0 dagger.
Jessica completely misses you. You furiously retaliate!
You headbutt Jessica. Jessica casts a spell at you.
Pain shoots through your body!
You closely miss Jessica. You headbutt Jessica, but do no damage.
Jessica is lightly wounded.
Jessica gestures at you while chanting. Pain shoots through your body!
Jessica hits you with a +0 dagger.
You are too injured to fight recklessly!
You are too injured to fight recklessly!
You are too injured to fight recklessly!
You are too injured to fight recklessly!
You are too injured to fight recklessly!
You are too injured to fight recklessly!
You are too injured to fight recklessly!
You are too injured to fight recklessly!
You are too injured to fight recklessly!
You are too injured to fight recklessly!
You are too injured to fight recklessly!
You are too injured to fight recklessly!
Jessica is nearby!
Jessica is nearby!
You hit Jessica. Your headbutt misses Jessica.
Jessica is heavily wounded.
Jessica barely misses you. You block Jessica's attack.
You barely miss Jessica.
Jessica is heavily wounded.
Jessica hits you but does no damage. You block Jessica's attack.
Jessica casts a spell.
Jessica blinks!
Jessica casts a spell at you. Pain shoots through your body!
* * * LOW HITPOINT WARNING * * *
Jessica casts a spell at you. Pain shoots through your body!
You die...

).........#.##.#.##
....#######.##.#.#
.#..# . #..#.#
##..# ## #.##.#
....# #.##.####
###.# #.......# #
#.# #.##.##.# . #.#
#. #...# # .# #.
#.@.# # .#
#..#...#.# .#
#........# .#
#.###.#### .# ..
#.# #. #@# # #.#
..# ###


You could see Jessica (fast).

Vanquished Creatures
  Robin (D:2)
  4 gnolls (D:2)
  2 adders (D:2)
  A worm (D:2)
  4 dart slugs
  4 ball pythons
  11 endoplasms
  3 giant cockroaches
  14 goblins
  2 hobgoblins (D:2)
  2 jackals (D:1)
  2 bats
  3 frilled lizards
  A kobold (D:1)
54 creatures vanquished.

Notes
Turn   | Place    | Note
-------+----------+-------------------------------------------
     0 | D:1      | EnegeticOcto the Minotaur Fighter began the quest for the
                  | Orb.
     0 | D:1      | Reached XP level 1. HP: 19/19 MP: 0/0
   171 | D:1      | Reached XP level 2. HP: 25/27 MP: 1/1
   317 | D:1      | Found Kastogg's Weapon Emporium.
   792 | D:2      | Found a faded altar of an unknown god.
   851 | D:2      | Reached XP level 3. HP: 25/33 MP: 2/2
  1295 | D:2      | Noticed Robin
  1305 | D:2      | Reached XP level 4. HP: 19/40 MP: 3/3
  1307 | D:2      | Killed Robin
  1793 | D:2      | HP: 2/41 [gnoll (2)]
  2130 | D:2      | Noticed Jessica
  2143 | D:2      | Killed from afar by Jessica

Illustrated notes

Levels and vault maps discovered:
D:1:      heliophobic_arrival_ceremonial_halls, layout_loops_ring, serial_shops,
          nicolae_shop_temple_entry_statues_fountains, nrook_mini_vaults
D:2:      layout_loops_cross, hellmonk_ecumenical_altar_heavens_door,
          uniq_robin, uniq_jessica

Skill      XL: |  1  2  3  4 |
---------------+-------------+-----
Axes           | 3 4 |  4.3
Shields        | 4 |  4.5
Fighting       | 4 |  4.4
Armour         | 4 |  4.4

Action                   |  1- 3 |  4- 6 || total
-------------------------+-------+-------++-------
Melee: War axe           |    71 |    36 ||   107
       Headbutt          |    10 |     8 ||    18
Armor: Scale mail        |    23 |    16 ||    39
Dodge: Dodged            |    21 |     9 ||    30
Block: Kite shield       |    36 |    22 ||    58
